AoeStats
← 只会打步弓

Runestones

508260392Analyzed
1v1 RM · 11d ago on Sep 21, 2026· 45m 3s· 2 players
Game mode
Random Map
Map size
Tiny (2 player)
Population
200
Speed
Normal
Resources
Standard
Victory
Conquest
Starting age
Dark Age
Ending age
Imperial Age
RankedLock teamsTeams togetherTeam positionsShared explorationLock speedFull tech treeHidden civsTurbo modeCheats
Victory
Defeat
🇩🇪 Mongols · Germany
2040
+10
🇨🇳 Mapuche · China
1908
-10
只会打步弓
6:33 Loom
9:22 Feudal Age
12:59 Double-Bit Axe
14:20 Horse Collar
15:24 Fletching
21:59 Castle Age
20:12 Gold Mining
20:51 Padded Archer Armor
22:44 Bodkin Arrow
22:18 Champi Runner
26:29 Ballistics
28:31 Leather Archer Armor
41:35 Elite Skirmisher
42:58 Wheelbarrow
47:17 Imperial Age
47:36 Imperial Age
Hansdampf
6:12 Loom
8:12 Feudal Age
8:29 Man-at-Arms
8:58 Double-Bit Axe
15:42 Horse Collar
18:58 Wheelbarrow
21:49 Castle Age
21:38 Bloodlines
22:04 Forging
22:07 Gold Mining
23:02 Bow Saw
24:14 Hand Cart
24:06 Fletching
27:02 Elite Skirmisher
27:39 Bodkin Arrow
37:34 Town Watch
42:41 Imperial Age
40:57 Ballistics
41:39 Padded Archer Armor
41:40 Husbandry
43:29 Bracer
Connection lost

Rejoining the realm…

Still unreachable

The connection could not be restored.

Session expired

The server has moved on; the page needs a fresh start.